 Dungeon Crawl Stone Soup version 0.28.0-45-g0d030f2227 (console) character file.

Game seed: 9458847779561292198

293768 Banquo the Slayer (level 20, -9/201 (206) HPs)
             Began as a Hill Orc Cinder Acolyte on Apr 5, 2022.
             Was a High Priest of Ignis.
             Mangled by a vault warden
             ... wielding a +0 long sword of draining
              (32 damage)
             ... on level 1 of the Vaults on Apr 9, 2022.
             The game lasted 04:21:39 (75881 turns).

Banquo the Slayer (Hill Orc Cinder Acolyte)        Turns: 75881, Time: 04:21:40

HP:   -9/201 (206)  AC: 32    Str: 26    XL:     20   Next: 83%
MP:   21/21         EV: 11    Int: 14    God:    Ignis [*****.]
Gold: 3954          SH: 15    Dex: 12    Spells: 21/21 levels left

rFire   + . .      SeeInvis +   a - +3 broad axe {vorpal, SInv Stlth+}
rCold   + . .      Faith    .   i - +1 kite shield {reflect}
rNeg    + . .      Spirit   .   d - +1 plate armour {rC+}
rPois   +          Reflect  +   h - +2 helmet {SInv}
rElec   +          Harm     +   e - scarf {repulsion}
rCorr   .          Rampage  .   g - +2 pair of gloves
Will    +....                   f - +3 pair of boots of the Orcish Mines {Harm rElec}
Stlth   ..........              W - amulet of the acrobat
HPRegen 0.43/turn               F - ring of Immorality {rElec rPois rN+ Dex+6}
MPRegen 0.17/turn               K - +4 ring of slaying

@: studying Long Blades, lightly drained, repel missiles
A: no striking features
}: 2/15 runes: barnacled, gossamer
a: Renounce Religion, Fiery Armour, Foxfire Swarm, Rising Flame


You were on level 1 of the Vaults.
You worshipped Ignis.
Ignis was extremely pleased with you.
You visited 7 branches of the dungeon, and saw 35 of its levels.
You visited the Abyss 2 times.
You visited 1 bazaar.
You also visited: Sewer.

You collected 4642 gold pieces.
You spent 688 gold pieces at shops.

Inventory:

Hand Weapons
 a - the +3 broad axe "Liuju Lon" (weapon) {vorpal, SInv Stlth+}
   (You took it off a deep elf death mage on level 3 of the Elven Halls)

   It inflicts extra damage upon your enemies.
   SInv:      It lets you see invisible.
   Stlth:     It makes you more stealthy.
 b - a +3 war axe of flaming
 c - a +0 broad axe of venom
 l - a +6 trident of protection
Missiles
 q - 17 throwing nets
 v - 4 boomerangs of dispersal
 G - 32 boomerangs (quivered)
Armour
 d - a +1 plate armour of cold resistance (worn)
 e - a scarf of repulsion (worn)
 f - the +3 pair of boots of the Orcish Mines (worn) {Harm rElec}
   (You found it on level 7 of the Dungeon)

   rElec:     It insulates you from electricity.
   Harm:      It increases damage dealt and taken.
 g - a +2 pair of gloves (worn)
 h - a +2 helmet of see invisible (worn)
 i - a +1 kite shield of reflection (worn)
 j - a +0 pair of gloves
 y - the +3 chain mail of Omission {rF+}
   (You took it off an orc warrior on level 7 of the Dungeon)

   rF:        It protects you from fire.
Jewellery
 C - the ring "Diyrotuj" {rC+ Dex+2}
   (You took it off an orc high priest on level 3 of the Elven Halls)

   [ring of protection from cold]

   Dex:       It affects your dexterity (+2).
   rC:        It protects you from cold.
 F - the ring of Immorality (left hand) {rElec rPois rN+ Dex+6}
   (You took it off a deep elf demonologist on level 3 of the Elven Halls)

   [ring of dexterity]

   Dex:       It affects your dexterity (+6).
   rElec:     It insulates you from electricity.
   rPois:     It protects you from poison.
   rN:        It protects you from negative energy.
 K - a +4 ring of slaying (right hand)
 L - a ring of flight
 Q - the ring of Wurijog {+Blink rElec rCorr Int+6}
   (You took it off a deep elf death mage on level 3 of the Elven Halls)

   [ring of intelligence]

   Int:       It affects your intelligence (+6).
   rElec:     It insulates you from electricity.
   +Blink:    It lets you blink.
   rCorr:     It protects you from acid and corrosion.
 W - an amulet of the acrobat (around neck)
Wands
 p - a wand of acid (38)
 M - a wand of digging (4)
 O - a wand of mindburst (35)
 T - a wand of iceblast (25)
Scrolls
 w - 7 scrolls of blinking
 z - 7 scrolls of fog
 D - 3 scrolls of holy word
 S - 9 scrolls of teleportation
 V - 2 scrolls of fear
Potions
 k - 2 potions of invisibility
 n - 11 potions of curing
 o - 5 potions of heal wounds
 s - a potion of might
 t - 7 potions of berserk rage
 u - 10 potions of ambrosia
 x - 4 potions of resistance
 B - 3 potions of haste
 J - 4 potions of cancellation
Miscellaneous
 H - a condenser vane
 I - a lightning rod (4/4)
 X - a phantom mirror


   Skills:
 - Level 24.0 Fighting
 - Level 20.0 Axes
 + Level 19.3 Armour
 + Level 10.2 Dodging
 + Level 18.9 Shields
 - Level 1.0 Spellcasting
 - Level 3.2 Fire Magic


You had 21 spell levels left.
You didn't know any spells.
Your spell library contained the following spells:

 Spells                   Type           Power      Damage    Failure   Level
 Scorch                   Fire           18%        2d6       61%         2
 Apportation              Tloc           0%         N/A       89%         1
 Beastly Appendage        Tmut           0%         N/A       89%         1
 Magic Dart               Conj           0%         1d3       89%         1
 Sandblast                Erth           0%         2d4       89%         1
 Blink                    Tloc           0%         N/A       96%         2
 Passwall                 Tmut/Erth      0%         N/A       96%         2
 Poisonous Vapours        Pois/Air       0%         N/A       96%         2
 Static Discharge         Conj/Air       0%         N/A       96%         2
 Sublimation of Blood     Necr           0%         N/A       96%         2
 Wereblood                Tmut           0%         N/A       96%         2
 Ignite Poison            Fire/Tmut/Pois 3%         N/A       98%         3
 Confusing Touch          Hex            0%         N/A       99%         3
 Lesser Beckoning         Tloc           0%         N/A       99%         3
 Mephitic Cloud           Conj/Pois/Air  0%         N/A       99%         3
 Ozocubu's Armour         Ice            0%         N/A       99%         3
 Spider Form              Tmut/Pois      0%         N/A       99%         3
 Stone Arrow              Conj/Erth      0%         3d7       99%         3
 Animate Armour           Summ/Erth      0%         N/A       100%        4
 Dispel Undead            Necr           0%         3d6       100%        4
 Flame Wave               Conj/Fire      5%         2d5       100%        4
 Ice Form                 Ice/Tmut       0%         N/A       100%        4
 Leda's Liquefaction      Hex/Erth       0%         N/A       100%        4
 Olgreb's Toxic Radiance  Pois           0%         N/A       100%        4
 Sticky Flame             Conj/Fire      5%         2d3       100%        4
 Alistair's Intoxication  Tmut/Pois      0%         N/A       100%        5
 Blade Hands              Tmut           0%         N/A       100%        5
 Borgnjor's Vile Clutch   Necr/Erth      0%         N/A       100%        5
 Iskenderun's Battlesphe  Conj           0%         2d6       100%        5
 Lee's Rapid Deconstruct  Erth           0%         3d5*      100%        5
 Manifold Assault         Tloc           0%         N/A       100%        5
 Metabolic Englaciation   Hex/Ice        0%         N/A       100%        5
 Summon Forest            Summ/Tloc      0%         N/A       100%        5
 Yara's Violent Unravell  Hex/Tmut       0%         3d3       100%        5
 Conjure Ball Lightning   Conj/Air       0%         3x3d6     100%        6
 Death Channel            Necr           0%         N/A       100%        6
 Dispersal                Tloc           0%         N/A       100%        6
 Eringya's Noxious Bog    Tmut/Pois      0%         N/A       100%        6
 Iron Shot                Conj/Erth      0%         9d1       100%        6
 Simulacrum               Ice/Necr       0%         N/A       100%        6
 Statue Form              Tmut/Erth      0%         N/A       100%        6
 Enfeeble                 Hex            0%         N/A       100%        7
 Ozocubu's Refrigeration  Ice            0%         4d5       100%        7
 Spellforged Servitor     Conj/Summ      0%         N/A       100%        7
 Summon Hydra             Summ           0%         N/A       100%        7
 Discord                  Hex            0%         N/A       100%        8
 Disjunction              Tloc           0%         N/A       100%        8
 Ignition                 Fire           4%         3d4       100%        8
 Infestation              Necr           0%         N/A       100%        8
 Lehudib's Crystal Spear  Conj/Erth      0%         10d2      100%        8


Dungeon Overview and Level Annotations

Branches:
Dungeon (15/15)            Temple (0/1) D:5            Lair (6/6) D:11
 Shoals (4/4) Lair:2       Spider (4/4) Lair:3        Slime (0/5) Lair:5
    Orc (2/2) D:10            Elf (3/3) Orc:2        Vaults (1/5) D:14
 Depths (0/4) D:15          Sewer (visited)

Altars:
Elyvilon
Fedhas
Gozag
Hepliaklqana
Makhleb
Ru
Sif Muna
Trog
Uskayaw
Wu Jian
Xom
Yredelemnul
Beogh
Lugonu

Shops:
D:12 *   Orc:2 ([*:   Elf:2 *:   Shoals:4 =   Vaults:1 [

Portals:
Abyss: Lair:6

Annotations:
Spider:4 Hornets in rock


Message History

The deep elf annihilator mumbles some strange words.
The deep elf annihilator blinks!
The vault warden hits you but does no damage.
You partially resist.
You slash the vault warden!
The vault warden is heavily wounded.
The vault warden hits you with a +0 long sword of draining!!
* * * LOW HITPOINT WARNING * * *
You partially resist.
You feel drained.
You hit the vault warden but do no damage.
The vault warden is heavily wounded.
You completely miss the vault warden.
The vault warden is heavily wounded.
You closely miss the deep elf annihilator.
The runic seal fades away.
The vault warden hits you but does no damage.
You partially resist.
The deep elf annihilator hits you with a +0 rapier.
* * * LOW HITPOINT WARNING * * *
You barely miss the deep elf annihilator.
The deep elf annihilator is severely wounded.
The vault warden blocks your attack.
The vault warden activates a sealing rune.
You completely miss the deep elf annihilator.
The deep elf annihilator is severely wounded.
You barely miss the vault warden.
The deep elf annihilator gestures wildly while chanting.
The deep elf annihilator blinks!
The vault warden hits you with a +0 long sword of draining!
* * * LOW HITPOINT WARNING * * *
You partially resist.
You feel drained. The vault warden blocks your attack.
The vault warden is heavily wounded.
The deep elf annihilator casts a spell.
The deep elf annihilator blinks!
You hit the deep elf annihilator.
The deep elf annihilator is severely wounded.
You hit the vault warden.
The vault warden hits you with a +0 long sword of draining!!
You die...

.##..........,,,,,,,,,,,,,*
..#...######***********,,,*
∩.....# *,,,* ..#...#
######## *,,,* .##...#
#../..§# *,,,* ......#
#......# *,,,* ......#
#...∩..# *,,,* ......#
#...p§.# *,..# ......#
#..e@†.# *$..# ......#
####+######...# ......#
#......#...# ......#
#......#...# ......#
#......#...# ......#
#......#...# ......#
#..>...#...# ......#
#......#...# ......#
#......+...#


You could see a vault warden and a deep elf annihilator.

Vanquished Creatures
  Nikola (Shoals:1)
  Arachne (Spider:3)
  2 liches
  5 deep elf blademasters
  2 deep elf master archers (Elf:3)
  Polyphemus (Shoals:2)
  A kraken (Shoals:2)
  Kirke (Spider:3)
  2 tentacled starspawn (Abyss:2)
  Agnes (Spider:1)
  Donald (Shoals:1)
  Roxanne (Elf:3)
  Ilsuiw (Shoals:2)
  6 deep elf sorcerers
  Louise (Spider:1)
  3 emperor scorpions
  4 ghost moths (Spider:4)
  Aizul (Shoals:2)
  2 orc warlords
  7 deep elf elementalists
  An ironbound preserver (Vaults:1)
  2 broodmothers
  A very ugly thing (Vaults:1)
  4 deep elf demonologists (Elf:3)
  Azrael (Elf:2)
  5 spark wasps
  3 entropy weavers
  A dire elephant (D:15)
  4 deep elf annihilators (Elf:3)
  3 deep elf death magi (Elf:3)
  The ghost of Vig Uhad the Martial Artist, a journeyman OpTm of Cheibriados (Lair:5)
  9 merfolk impalers
  3 merfolk javelineers
  Josephine (Spider:1)
  A spectral kraken (Shoals:1)
  Fannar (D:10)
  4 deep elf high priests
  A great orb of eyes (Vaults:1)
  The ghost of Pettothyi the Thaumaturge, a journeyman GnWr of Okawaru (D:12)
  10 boulder beetles
  3 radroaches
  Erolcha (Orc:1)
  An alligator snapping turtle (Shoals:4)
  12 hydras
  3 two-headed ogres
  2 ghost crabs (Shoals:1)
  3 catoblepae
  7 centaur warriors
  6 merfolk aquamancers
  30 dancing weapons
  4 merfolk avatars
  2 hell hogs (Abyss:2)
  9 death yaks
  5 thrashing horrors
  5 tengu warriors
  2 satyrs
  5 orc high priests
  A wretched star (Abyss:3)
  20 deep elf knights
  The ghost of KamiKatze the Cleaver, a novice PaBe of Trog (D:7)
  4 skeletal warriors
  2 sun moths (Spider:4)
  5 steelbarb worms
  9 pharaoh ants
  A sixfirhy (Abyss:2)
  A spatial maelstrom (Abyss:3)
  A death drake (shapeshifter) (Lair:6)
  13 orb spiders
  4 deep trolls (Vaults:1)
  11 sea snakes
  13 deep elf archers
  2 lindwurms
  An ironbound convoker (Vaults:1)
  A phantasmal warrior (Vaults:1)
  A necromancer (Vaults:1)
  16 wolf spiders
  2 wizards
  8 harpies
  4 orc knights
  20 deep elf zephyrmancers
  3 spectral merfolk (Shoals:1)
  31 deep elf pyromancers
  7 fauns (Shoals:2)
  5 cyclopes
  A salamander (shapeshifter) (Elf:2)
  7 merfolk sirens
  7 ugly things
  14 manticores
  3 moths of wrath
  7 orc sorcerers
  A worldbinder (Abyss:3)
  5 elephants
  A stone giant skeleton (Vaults:1)
  Joseph (D:7)
  A molten gargoyle (Lair:5)
  8 black mambas
  6 water nymphs
  7 smoke demons
  2 vault sentinels (Vaults:1)
  8 torpor snails
  18 cane toads
  4 rime drakes
  A gargoyle (D:10)
  5 demonic crawlers
  An unseen horror (D:12)
  A spectral sea snake (Shoals:1)
  Maggie (D:9)
  4 komodo dragons
  An efreet (D:12)
  A freezing wraith (Abyss:3)
  A hellion (Abyss:3)
  10 ancient zymes
  2 tengu conjurers
  A human skeleton (Vaults:1)
  2 queen bees
  26 merfolk
  A troll (D:10)
  10 meliai
  9 polar bears
  A raiju (shapeshifter) (Lair:6)
  16 tarantellas
  10 wind drakes
  12 raiju
  16 slime creatures
  9 hornets
  20 blink frogs
  A human simulacrum (Vaults:1)
  A spectral manticore (Shoals:1)
  11 snapping turtles
  13 dream sheep
  4 air elementals
  19 culicivoras
  21 jumping spiders
  18 water elementals
  An ettin skeleton (Vaults:1)
  3 ynoxinuls
  A culicivora (shapeshifter) (Abyss:3)
  A shadow (D:11)
  49 yaks
  7 wraiths
  7 wyverns
  10 basilisks
  2 hogs (Spider:3)
  2 neqoxecs (Abyss:2)
  A redback (shapeshifter) (Vaults:1)
  60 redbacks
  3 steam dragons
  Grum (D:8)
  7 fire elementals
  10 vampire mosquitoes
  3 chaos spawn
  Menkaure (D:7)
  9 large abominations
  A naga (shapeshifter) (D:12)
  21 small abominations
  20 water moccasins
  2 hell hounds
  38 orc warriors
  3 black bears
  A necrophage (D:8)
  18 starcursed masses
  13 wolves
  4 boggarts (Lair:6)
  9 ogres
  17 centaurs
  A phantom (D:6)
  4 kobold brigands
  14 bullfrogs
  A scorpion (D:6)
  4 earth elementals
  2 gnoll sergeants
  A water moccasin zombie (D:5)
  2 water moccasin skeletons (D:4)
  26 killer bees
  14 wights
  8 howler monkeys
  2 electric eels (Spider:1)
  3 hounds
  A lava snake (D:14)
  17 jellies
  17 orc priests
  4 centaur zombies
  A centaur skeleton (D:4)
  2 gnoll shamans
  Crazy Yiuf (D:7)
  3 bullfrog skeletons
  An iron imp (Abyss:2)
  2 scorpion zombies (D:4)
  Terence (D:2)
  An iguana (D:5)
  35 orc wizards
  A hound zombie (D:4)
  A hound skeleton (D:4)
  2 howler monkey zombies
  A howler monkey skeleton (D:4)
  23 gnolls
  13 adders
  A shadow imp (D:6)
  A white imp (D:4)
  2 ufetubi
  An adder zombie (D:4)
  2 adder skeletons
  A worm (D:4)
  5 dart slugs
  82 orcs
  6 ball pythons
  5 bats
  18 endoplasms
  8 giant cockroaches
  2 goblins
  7 hobgoblins
  4 jackals (D:3)
  21 kobolds
  13 quokkas
  19 frilled lizards
  5 rats
  A lurking horror (Abyss:3)
  A starspawn tentacle (Abyss:2)
  5 tentacles
1482 creatures vanquished.

Vanquished Creatures (collateral kills)
  A bullfrog (Lair:3)
1 creature vanquished.

Vanquished Creatures (others)
  3 merfolk javelineers (Shoals:4)
  A deep elf zephyrmancer (Elf:1)
  2 deep elf pyromancers
  A centaur (D:13)
  2 bushes (D:11)
  45 fungi
  100 plants
  5 starspawn tentacles (Abyss:2)
  9 tentacles
  6 withered plants
174 creatures vanquished.

Grand Total: 1657 creatures vanquished

Notes
Turn   | Place    | Note
-------+----------+-------------------------------------------
     0 | D:1      | Banquo the Hill Orc Cinder Acolyte began the quest for the
                  | Orb.
     0 | D:1      | Reached XP level 1. HP: 19/19 MP: 2/2
   204 | D:1      | Reached XP level 2. HP: 6/27 MP: 3/3
   727 | D:1      | Reached skill level 4 in Fighting
   867 | D:1      | Reached XP level 3. HP: 33/33 MP: 4/4
  1027 | D:2      | Reached skill level 5 in Axes
  1133 | D:2      | Found a faded altar of an unknown god.
  1382 | D:2      | Identified the +1 ring mail "Ekolec" {*Corrode rC+ Int+3
                  | SInv}
  1486 | D:2      | Reached XP level 4. HP: 39/41 MP: 5/5
  1634 | D:2      | Found an ornate altar of the Wu Jian Council.
  1635 | D:2      | Noticed Terence
  1653 | D:2      | Killed Terence
  1757 | D:2      | Reached skill level 1 in Dodging
  2043 | D:3      | Reached XP level 5. HP: 38/47 MP: 6/6
  2131 | D:3      | Found a glowing drain.
  2341 | Sewer    | Entered a sewer
  2514 | Sewer    | Reached skill level 1 in Armour
  2559 | Sewer    | Reached skill level 5 in Fighting
  2824 | Sewer    | Reached XP level 6. HP: 38/56 MP: 7/7
  3412 | D:3      | Found an opulent altar of Gozag.
  3953 | D:4      | Reached XP level 7. HP: 53/61 MP: 8/8
  4010 | D:4      | Found a basalt altar of Yredelemnul.
  4951 | D:4      | Reached skill level 6 in Fighting
  5492 | D:5      | Entered Level 5 of the Dungeon
  5500 | D:5      | Reached XP level 8. HP: 64/70 MP: 9/9
  5507 | D:5      | Reached skill level 5 in Armour
  5507 | D:5      | Found a staircase to the Ecumenical Temple.
  6278 | D:5      | Found a shimmering altar of Xom.
  6278 | D:5      | Found a burning altar of Makhleb.
  6278 | D:5      | Found a bloodstained altar of Trog.
  6282 | D:5      | Found a hazy altar of Hepliaklqana.
  7057 | D:5      | Reached skill level 7 in Fighting
  7240 | D:6      | Reached XP level 9. HP: 72/79 MP: 10/10
  7888 | D:6      | Reached skill level 8 in Fighting
  8194 | D:6      | Reached skill level 10 in Axes
  8810 | D:7      | Found a runed translucent gate.
  8810 | D:7      | Found a runed translucent gate.
  8810 | D:7      | Identified the +3 chain mail of Omission {rF+}
  8811 | D:7      | Noticed KamiKatze's ghost (novice PaBe)
  8811 | D:7      | Found a runed translucent gate.
  8888 | D:7      | Found a white marble altar of Elyvilon.
  9126 | D:7      | Noticed Joseph
  9148 | D:7      | Killed Joseph
  9149 | D:7      | Reached skill level 9 in Fighting
  9149 | D:7      | Reached XP level 10. HP: 66/91 MP: 8/11
  9278 | D:7      | Found a sacrificial altar of Ru.
  9278 | D:7      | Found a shimmering blue altar of Sif Muna.
  9325 | D:7      | Found a blossoming altar of Fedhas.
  9866 | D:7      | Noticed Menkaure
  9887 | D:7      | Killed Menkaure
 10336 | D:7      | Found a runed translucent door.
 10337 | D:7      | Noticed Crazy Yiuf
 10410 | D:7      | Found a roughly hewn altar of Beogh.
 10718 | D:8      | Noticed Grum
 10769 | D:8      | Killed Grum
 11277 | D:8      | Got the Compendium of the Ghastly Entourage
 11925 | D:8      | Reached skill level 10 in Armour
 12043 | D:8      | Reached skill level 10 in Fighting
 12594 | D:9      | Noticed Maggie
 12603 | D:9      | Killed Maggie
 12982 | D:10     | Entered Level 10 of the Dungeon
 12982 | D:10     | Found a staircase to the Orcish Mines.
 13130 | D:10     | Noticed a gargoyle
 13138 | D:10     | Killed a gargoyle
 13139 | D:10     | Reached XP level 11. HP: 84/101 MP: 9/12
 13461 | D:10     | Reached skill level 11 in Fighting
 14675 | D:11     | Noticed Fannar
 14703 | D:10     | Killed Fannar
 14973 | D:11     | Noticed a centaur warrior
 14987 | D:11     | Killed a centaur warrior
 15302 | D:11     | Identified the +3 leather armour of Noloq {Regen+}
 15374 | D:11     | Noticed a two-headed ogre
 15382 | D:11     | Killed a two-headed ogre
 15383 | D:11     | Reached skill level 15 in Axes
 16171 | D:11     | Found a staircase to the Lair.
 16379 | D:11     | Identified the +1 ring mail of Discretion {rC+ rCorr MP+9
                  | Dex-3}
 16449 | D:11     | Noticed a tengu warrior
 16475 | D:11     | Killed a tengu warrior
 16476 | D:11     | Reached XP level 12. HP: 45/112 MP: 13/13
 16746 | D:11     | Reached skill level 12 in Fighting
 17069 | Lair:1   | Entered Level 1 of the Lair of Beasts
 17431 | Lair:1   | Noticed a five-headed hydra
 17452 | Lair:1   | Killed a one-headed hydra
 18448 | Lair:1   | Reached skill level 13 in Fighting
 19777 | Lair:2   | Noticed a six-headed hydra
 19795 | Lair:2   | Killed a one-headed hydra
 20057 | Lair:2   | Found a staircase to the Shoals.
 20383 | Lair:2   | Noticed a death yak
 20617 | Lair:2   | Reached XP level 13. HP: 115/123 MP: 14/14
 22065 | Lair:3   | Found a hole to the Spider Nest.
 22248 | Lair:3   | Reached skill level 14 in Fighting
 23044 | Lair:3   | Identified a scroll of acquirement
 23044 | Lair:3   | Acquired a +1 battleaxe of electrocution
 24699 | Lair:4   | Reached skill level 15 in Fighting
 25349 | Lair:5   | Reached XP level 14. HP: 133/135 MP: 15/15
 26022 | Lair:5   | Found a staircase to the Slime Pits.
 26041 | Lair:5   | Reached skill level 16 in Fighting
 26469 | Lair:5   | Found a transporter.
 26470 | Lair:5   | Found a transporter.
 26498 | Lair:5   | Noticed Vig Uhad's ghost (journeyman OpTm)
 26840 | Lair:6   | Entered Level 6 of the Lair of Beasts
 27502 | Lair:6   | Reached skill level 17 in Fighting
 29385 | Lair:6   | Reached skill level 18 in Fighting
 30561 | Lair:6   | Reached XP level 15. HP: 150/150 MP: 16/16
 30757 | Lair:6   | Found a corrupted altar of Lugonu.
 30757 | Lair:6   | Found a one-way gate to the infinite horrors of the Abyss.
 30770 | Lair:6   | Got Sif Muna's Tome of the Venomous Voyage
 31455 | D:12     | Found a runed translucent gate.
 31455 | D:12     | Found Henof's Assorted Antiques.
 31456 | D:12     | Found a runed translucent gate.
 31456 | D:12     | Found an opulent altar of Gozag.
 31456 | D:12     | Noticed Pettothyi's ghost (journeyman GnWr)
 31457 | D:12     | Found a runed translucent gate.
 31638 | D:12     | Reached skill level 19 in Fighting
 31985 | D:12     | Reached skill level 5 in Dodging
 33221 | D:12     | Killed Pettothyi's ghost
 33371 | Orc:1    | Entered Level 1 of the Orcish Mines
 33419 | Orc:1    | Noticed Erolcha
 33425 | Orc:1    | Killed Erolcha
 33557 | Orc:2    | Entered Level 2 of the Orcish Mines
 33900 | Orc:1    | Found a roughly hewn altar of Beogh.
 34300 | Orc:2    | Noticed an orc warlord
 34318 | Orc:1    | Killed an orc warlord
 34477 | Orc:2    | Found a staircase to the Elven Halls.
 34572 | Orc:2    | Reached skill level 20 in Fighting
 34736 | Orc:2    | Reached skill level 15 in Armour
 35042 | Orc:2    | Noticed an orc warlord
 35057 | Orc:2    | Killed an orc warlord
 35060 | Orc:2    | Paralysed by an orc sorcerer for 4 turns
 35651 | Orc:2    | Found Ragre's Antique Armour Shop.
 35652 | Orc:2    | Found Asasm's Antique Weapon Shop.
 35654 | Orc:2    | Found Cejuco's General Store.
 35654 | Orc:2    | Found Pasisk's Book Boutique.
 35717 | Orc:2    | Bought a steaming scythe for 264 gold pieces
 35717 | Orc:2    | Identified the +6 scythe "Qeakonih" {flame, *Noise rC++
                  | Will+} (You bought it in a shop on level 2 of the Orcish
                  | Mines)
 36499 | D:13     | Reached skill level 21 in Fighting
 36499 | D:13     | Reached XP level 16. HP: 164/167 MP: 17/17
 36549 | D:13     | You fall into a shaft and drop 1 floor!
 37069 | D:14     | Identified the +11 dire flail of the Omega Point {freeze,
                  | *Corrode rPois Will+ Stlth+}
 37388 | D:14     | Found a gate to the Vaults.
 37581 | D:14     | Found a hide-covered altar of Uskayaw.
 37816 | D:15     | Entered Level 15 of the Dungeon
 38821 | D:15     | Found a staircase to the Depths.
 39541 | Spider:1 | Entered Level 1 of the Spider Nest
 39603 | Spider:1 | Reached skill level 1 in Shields
 40824 | Spider:1 | Reached skill level 5 in Shields
 40990 | Spider:1 | Noticed Agnes
 41010 | Spider:1 | Killed Agnes
 41576 | Spider:1 | Noticed Josephine
 41586 | Spider:1 | Killed Josephine
 42162 | Spider:1 | Noticed Louise
 42180 | Spider:1 | Killed Louise
 44083 | Spider:2 | Found a transporter.
 44084 | Spider:2 | Found a transporter.
 44388 | Spider:2 | Reached XP level 17. HP: 176/176 MP: 18/18
 45216 | D:7      | Killed KamiKatze's ghost
 45245 | D:7      | Identified the +3 pair of boots of the Orcish Mines {Harm
                  | rElec}
 45349 | D:7      | Killed Crazy Yiuf
 45628 | Lair:5   | Killed Vig Uhad's ghost
 45645 | Lair:5   | Reached skill level 10 in Shields
 46982 | Spider:3 | Reached skill level 22 in Fighting
 47591 | Spider:3 | Noticed Kirke
 47603 | Spider:3 | Killed Kirke
 48010 | Spider:4 | Entered Level 4 of the Spider Nest
 48708 | Spider:4 | Noticed Arachne
 48737 | Spider:3 | Killed Arachne
 51971 | Spider:4 | Reached skill level 15 in Shields
 52169 | Spider:4 | Paralysed by a hornet for 3 turns
 52429 | Spider:4 | Reached XP level 18. HP: 184/184 MP: 19/19
 52513 | Spider:4 | Got a gossamer rune of Zot
 52854 | Elf:1    | Entered Level 1 of the Elven Halls
 53479 | Elf:1    | Cast into level 2 of the Abyss (a deep elf sorcerer)
 53795 | Abyss:2  | Noticed a lich
 53804 | Abyss:2  | Killed a lich
 54075 | Abyss:2  | Found a corrupted altar of Lugonu.
 54107 | Abyss:2  | Found a corrupted altar of Lugonu.
 54154 | Elf:1    | Escaped the Abyss
 54525 | Elf:1    | Got Harchos's Disquisition on Supportive Confrontation
 54640 | Elf:1    | Reached skill level 10 in Dodging
 55142 | Elf:1    | Found a shimmering blue altar of Sif Muna.
 55429 | Elf:2    | Found Zedeas's CLEARANCE SALE!.
 55438 | Elf:2    | Bought a potion of heal wounds for 25 gold pieces
 55438 | Elf:2    | Bought a potion of haste for 50 gold pieces
 55537 | Elf:2    | Found Mollemn's Book Emporium.
 56022 | Elf:2    | Found a runed translucent gate.
 56022 | Elf:2    | Found a runed translucent gate.
 56022 | Elf:2    | Found a runed translucent gate.
 57329 | Elf:2    | Noticed a deep elf blademaster
 57344 | Elf:2    | Killed a deep elf blademaster
 57854 | Elf:2    | Reached skill level 23 in Fighting
 58018 | Elf:2    | Noticed Azrael
 58028 | Elf:2    | Killed Azrael
 58093 | Elf:2    | Reached XP level 19. HP: 92/195 MP: 20/20
 59102 | Elf:3    | Entered Level 3 of the Elven Halls
 59162 | Elf:3    | Paralysed by an air elemental for 1 turns
 59553 | Elf:3    | Found a shimmering blue altar of Sif Muna.
 59583 | Elf:3    | Identified Roxanne's Papyrus of Transformation
 59583 | Elf:3    | Noticed Roxanne
 59612 | Elf:3    | Killed Roxanne
 60238 | Elf:3    | Cast into level 2 of the Abyss (a deep elf sorcerer)
 60627 | Abyss:3  | Noticed a profane servitor
 60968 | Abyss:3  | Paralysed by accursed screaming for 1 turns
 60972 | Elf:3    | Escaped the Abyss
 61784 | Elf:3    | Identified the +1 robe of the King of the Hill {rElec}
 61784 | Elf:3    | Identified the ring of Wurijog {+Blink rElec rCorr Int+6}
 62173 | Elf:3    | Identified the ring "Diyrotuj" {rC+ Dex+2}
 62219 | Elf:3    | Identified the +0 buckler of the Echidna {Harm rC- Str+4
                  | Int+4}
 63403 | Elf:3    | Identified the +3 broad axe "Liuju Lon" {vorpal, SInv
                  | Stlth+}
 63492 | Elf:3    | Identified the +0 scimitar "Bopryl" {elec, rC+}
 63934 | Elf:3    | Identified the +2 ring mail of Ashenzari's Fury {Harm rElec
                  | rCorr MP-9}
 65342 | Elf:3    | Identified the ring of Immorality {rElec rPois rN+ Dex+6}
 65932 | Elf:3    | Identified the +4 shortbow "Esheol" {flame, Str+3}
 66397 | Shoals:1 | Entered Level 1 of the Shoals
 66557 | Shoals:1 | Noticed Nikola
 66563 | Shoals:1 | Noticed Donald
 66566 | Shoals:1 | HP: 7/198 [Nikola/arc of chain lightning (76)]
 66984 | Shoals:1 | Killed Donald
 67001 | Shoals:1 | Killed Nikola
 67407 | Shoals:1 | Reached skill level 24 in Fighting
 68768 | Shoals:2 | Noticed Aizul
 68793 | Shoals:2 | Killed Aizul
 69148 | Shoals:2 | Reached XP level 20. HP: 206/206 MP: 21/21
 69448 | Shoals:2 | Identified the +7 flail of Reesudd {flame, rElec rCorr
                  | Str-2}
 69499 | Shoals:2 | Noticed Ilsuiw
 69521 | Shoals:2 | Killed Ilsuiw
 70206 | Shoals:2 | Noticed Polyphemus
 70229 | Shoals:2 | Killed Polyphemus
 72908 | Shoals:4 | Entered Level 4 of the Shoals
 73400 | Shoals:4 | Got a barnacled rune of Zot
 74382 | Shoals:4 | Found Zilamnar's Jewellery Shop.
 75054 | Spider:2 | Got the +0 pair of boots "Weluesyv" {rPois rC- rN+ Str+5}
 75384 | Vaults:1 | Entered Level 1 of the Vaults
 75580 | Vaults:1 | Found a flickering gateway to a bazaar.
 75597 | Bazaar   | Entered a bazaar
 75597 | Bazaar   | Found Bejif's Book Boutique.
 75720 | Bazaar   | Found Ynugelor's Antique Armour Emporium.
 75731 | Bazaar   | Found Wivaib's Antique Weapon Shop.
 75739 | Bazaar   | Found Faud's General Store.
 75750 | Bazaar   | Found Raiqugh's Distillery.
 75776 | Bazaar   | Bought a potion of curing for 39 gold pieces
 75776 | Bazaar   | Bought a potion of heal wounds for 65 gold pieces
 75776 | Bazaar   | Bought a potion of berserk rage for 65 gold pieces
 75792 | Bazaar   | Bought a pair of embroidered gloves for 180 gold pieces
 75861 | Vaults:1 | Found Bega's Armour Boutique.
 75881 | Vaults:1 | Mangled by a vault warden

Illustrated notes

Levels and vault maps discovered:
D:1:      beargit_arrival_greenhouse, layout_rooms, minmay_close_crescents
D:2:      layout_basic, basic_altar, basic_ecumenical_altar, uniq_terence
D:3:      layout_rooms, general_overflow_altar, portal_sewer_entry_d
D:4:      layout_basic, nicolae_yredelemnul_corpse_copse, chequers_jeans
D:5:      layout_rooms, grunt_temple_overflow_cloverleaf,
          minmay_temple_entry_stoned_glass
D:6:      layout_rooms, palyth_stone_intersect, lexackson_kobold_supper
D:7:      layout_loops_ring, fedhas_altar_4,
          mainiacjoe_overflow_large_starburst, mainiacjoe_overflow_catwalk,
          biasface_ghost_orc_armoury, bh_walls_and_bars, uniq_joseph,
          uniq_crazy_yiuf_cottage, uniq_menkaure
D:8:      layout_loops_ring, uniq_grum
D:9:      layout_roguey, uniq_maggie
D:10:     layout_irregular_city, orc_david_3, amcnicky_mini_rare_corridor_liquid
D:11:     layout_irregular_city, minmay_lair_entry_grove, minmay_crystal_room,
          minivault_20, uniq_fannar
D:12:     layout_irregular_city, ebering_ghost_gozag
D:13:     layout_basic, item_on_display_a
D:14:     layout_long_grid, erik_vaults_1, nicolae_uskayaw_suspiria,
          serial_rivers, chequers_serial_rivers_room_b,
          chequers_serial_rivers_small_a, chequers_serial_rivers_small_3,
          chequers_serial_rivers_small_b
D:15:     hangedman_depths_entry_try_elsewhere_first, layout_long_grid,
          nicolae_concentric_dashed_squares_wild
Lair:1:   layout_hall_layers, infiniplex_staircase_pool_2, grunt_megastairs_5,
          serial_bayou_shore_a
Lair:2:   layout_small_grid, minmay_shoals_entry_beasts,
          chequers_serial_rivers_marsh, grunt_megastairs_2
Lair:3:   layout_roguey, spider_nest_entry_funnel_web, special_room
          [special_room_bee], chequers_serial_rivers_micro_a, minivault_27,
          nzn_random_ring, lemuel_fruit_tree
Lair:4:   layout_big_grid, serial_bayou_shore_b, serial_bayou_shore_b
Lair:5:   layout_gridlike, minmay_slime_entry_jelly_boxes, gammafunk_ghost_hive,
          grunt_forest_stairs_basic
Lair:6:   hellmonk_lair_end_abyssal_woods, layout_cave_pods,
          kilobyte_rumbling_trees, grunt_megastairs_1
Shoals:1: layout_shoals, nicolae_shoals_spectral_cove, uniq_donald, uniq_nikola
Shoals:2: layout_shoals, kb_tengu_band, uniq_aizul, uniq_polyphemus, uniq_ilsuiw
Shoals:3: layout_shoals, nicolae_shoals_dead_sea_scrolls
Shoals:4: shoals_end_simple, layout_shoals, minmay_shop_enchanted_jewellery,
          argonaut_gorgonesque
Spider:1: layout_spider_delve, nicolae_spider_bzzzt, uniq_agnes, uniq_josephine,
          uniq_louise
Spider:2: gammafunk_boulding_lane, hellmonk_test_site,
          nicolae_spider_cling_halls
Spider:3: layout_spider_delve, nicolae_spider_twisty_arc_passages, uniq_kirke
Spider:4: spider_rune_water, nicolae_spider_circle_web,
          spiders_nest_hornet_nest, uniq_arachne
Orc:1:    layout_caves, basic_altar, uniq_erolcha
Orc:2:    st_orc_congregation, layout_diamond_mine
Elf:1:    eino_elf_arrival_shootout, layout_onion_city, basic_altar,
          minmay_elf_sorcery
Elf:2:    nicolae_elf_blades_splatter_lattice [mumra_blade_entry_bloodbath],
          layout_loops_cross, serial_shops, nicolae_diamond_shop,
          nicolae_shop_clearance, uniq_azrael
Elf:3:    minmay_elf_hall_circle, layout_geoelf_octagon, basic_altar,
          minmay_misc_feat_rows, uniq_roxanne
Vaults:1: nicolae_vaults_hallways_thing, v_rooms_1, hangedman_vaults_nails,
          vaults_room_grunt_arrival_ludios, vaults_mumra_lcd,
          dpeg_vaults_monster_box, v_misc_16, layout_vaults_quadrants,
          serial_shops, bzr_entry_gold

Skill      XL: |  1  2  3  4  5  6  7  8  9 10 11 12 13 14 15 16 17 18 19 20 |
---------------+-------------------------------------------------------------+-----
Fighting       | 4 5 6 7 9 10 11 13 15 18 21 22 23 24 | 24.0
Axes           | 5 6 7 9 10 13 16 18 20 | 20.0
Dodging        | 1 2 3 4 5 7 10 | 10.2
Armour         | 2 3 4 6 9 10 11 13 14 15 16 17 19 | 19.3
Shields        | 9 15 16 18 | 18.9
Spellcasting   | |  1.0
Fire Magic     | |  3.2

Action                   |  1- 3 |  4- 6 |  7- 9 | 10-12 | 13-15 | 16-18 | 19-21 || total
-------------------------+-------+-------+-------+-------+-------+-------+-------++-------
Melee: Hand axe          |    40 |       |   149 |    56 |    54 |    12 |       ||   311
       Dagger            |    39 |   302 |   357 |    71 |    51 |       |       ||   820
       Punch             |       |     1 |     9 |       |     2 |       |       ||    12
       Battleaxe         |       |       |     6 |   649 |  1061 |   110 |       ||  1826
       War axe           |       |       |       |       |       |  1359 |   295 ||  1654
       Broad axe         |       |       |       |       |       |       |   778 ||   778
Throw: Stone             |       |       |     1 |       |       |       |       ||     1
       Boomerang         |       |       |       |       |       |       |     7 ||     7
Invok: Fiery Armour      |       |       |       |       |       |     1 |       ||     1
Evoke: Wand              |       |       |       |       |       |     1 |       ||     1
  Use: Scroll            |       |     8 |     6 |     7 |    11 |     4 |     3 ||    39
       Potion            |       |       |       |       |     1 |     2 |     6 ||     9
 Stab: Invisible         |       |       |       |       |       |       |     4 ||     4
       Distracted        |       |       |       |       |       |       |     1 ||     1
Armor: Robe              |    12 |       |       |       |       |       |       ||    12
       Ring mail         |     7 |    68 |       |       |       |       |       ||    75
       Scale mail        |       |    30 |       |       |       |       |       ||    30
       Plate armour      |       |    48 |   316 |   566 |   647 |   789 |   402 ||  2768
Dodge: Dodged            |    52 |   138 |   165 |   338 |   512 |   538 |   409 ||  2152
       Repelled          |       |       |       |       |       |    16 |    15 ||    31
Block: Kite shield       |       |       |       |       |       |   564 |   551 ||  1115
       Reflection        |       |       |       |       |       |    18 |    35 ||    53
